 Dungeon Crawl Stone Soup version 0.30-a0-347-gf58ed5266c (webtiles) character file.

Game seed: 18365885855968418368

1318 porpoise the Trooper (level 8, -5/58 HPs)
             Began as a Demonspawn Fighter on Nov 7, 2022.
             Was a Follower of Hepliaklqana.
             Killed from afar by an electric eel (12 damage)
             ... with a bolt of electricity
             ... on level 6 of the Dungeon.
             The game lasted 00:17:08 (5374 turns).

porpoise the Trooper (Demonspawn Fighter)           Turns: 5374, Time: 00:17:09

Health: -5/58      AC:  7    Str: 18    XL:     8   Next: 33%
Magic:  8/8        EV:  9    Int: 10    God:    Hepliaklqana [*.....]
Gold:   254        SH:  4    Dex: 13    Spells: 7/7 levels left

rFire   . . .      SeeInvis .      - Unarmed
rCold   . . .      Faith    .    c - +0 buckler
rNeg    . . .      Spirit   .    b - +0 scale mail
rPois   .          Reflect  .    f - +0 helmet
rElec   .          Harm     .    (no cloak)
rCorr   .          Rampage  .    (no gloves)
Will    .....                    (no boots)
Stlth   ..........               (no amulet)
HPRegen 0.29/turn                (no ring)
MPRegen 0.11/turn                (no ring)

@: very slow
A: reduced essence, claws 2, hooves 1, powered by death 1, weakness stinger 2
a: Renounce Religion, Recall Ancestor, Ancestor Identity


You were on level 6 of the Dungeon.
You worshipped Hepliaklqana.
Hepliaklqana was aware of your devotion.
You visited 2 branches of the dungeon, and saw 7 of its levels.

You collected 254 gold pieces.

Inventory:

Hand Weapons
 a - a +0 trident
Missiles
 w - 4 poisoned darts (quivered)
Armour
 b - a +0 scale mail (worn)
 c - a +0 buckler (worn)
 f - a +0 helmet (worn)
 s - the +1 helmet of Floral Surprise {-Cast Harm rN+++ Will++}
   (You took it off Robin on level 3 of the Dungeon)

   rN:        It renders you almost immune to negative energy.
   -Cast:     It prevents spellcasting.
   Harm:      It increases damage dealt and taken.
   Will:      It greatly increases your willpower.
Wands
 x - a wand of paralysis (20)
 y - a wand of mindburst (13)
Scrolls
 e - a scroll of fear
 h - a scroll of torment
 i - a scroll of enchant weapon {unknown}
 l - 2 scrolls of enchant armour {unknown}
 n - 2 scrolls of silence
 o - 2 scrolls of identify {unknown}
 q - a scroll of acquirement {unknown}
 t - a scroll of teleportation {unknown}
 u - a scroll of blinking {unknown}
 v - a scroll of amnesia {unknown}
Potions
 d - 3 potions of might
 g - a potion of curing
 j - a potion of resistance
 k - 3 potions of lignification {unknown}
 m - 2 potions of heal wounds {unknown}
 p - 2 potions of brilliance {unknown}
 r - a potion of ambrosia {unknown}


   Skills:
 + Level 6.7 Fighting
 - Level 6.0 Polearms
 - Level 2.6 Armour
 - Level 2.6 Shields
 * Level 4.5 Unarmed Combat


You had 7 spell levels left.
You didn't know any spells.
Your spell library contained the following spells:

 Spells                   Type           Power      Damage    Failure   Level
 Summon Forest            Summ/Tloc      0%         N/A       100%        5
 Summon Mana Viper        Hex/Summ       0%         N/A       100%        5
 Summon Cactus Giant      Summ           0%         N/A       100%        6


Dungeon Overview and Level Annotations

Branches:
Dungeon (6/15)             Temple (1/1) D:4

Altars:
Ashenzari
Dithmenos
Fedhas
Gozag
Hepliaklqana
Kikubaaqudgha
Makhleb
Nemelex Xobeh
Okawaru
Qazlal
Sif Muna
Trog
Uskayaw
Vehumet
Wu Jian
Xom


Innate Abilities, Weirdness & Mutations

Your life essence is reduced to manifest your ancestor. (-10% HP)
You have very sharp fingernails.
You have large cloven feet.
You regenerate a little health from kills.
You have a tail ending in a sharp stinger.


Message History

The electric eel shoots out a bolt of lightning at you!
The bolt of electricity hits you!
An electric eel comes into view.
Aiming: Mindburst
Press: ? - help, Shift-Dir - straight line, f - electric eel
Aim: an electric eel (water, ally target, chance to affect: 72%)
The electric eel's mind is blasted!
The electric eel shoots out a bolt of lightning at you!
The bolt of electricity hits you!
Aiming: Mindburst
Press: ? - help, Shift-Dir - straight line, f/p - electric eel
Aim: an electric eel (water, severely wounded, ally target, chance to affect: 72%) Niki avoids your attack.
The electric eel's mind is blasted!!
You blow up the electric eel!
Aiming: Mindburst
Press: ? - help, Shift-Dir - straight line, f - electric eel
Aim: an electric eel (water, ally target, chance to affect: 72%) Niki avoids your attack.
The electric eel struggles to resist.
The electric eel shoots out a bolt of lightning at you!
The bolt of electricity hits Niki!
The bolt of electricity hits you!
* * * LOW HITPOINT WARNING * * *
Niki barely misses the electric eel.
Aiming: Mindburst
Press: ? - help, Shift-Dir - straight line, f/p - electric eel
Aim: an electric eel (water, ally target, chance to affect: 72%) Niki avoids your attack.
The electric eel struggles to resist.
The electric eel shoots out a bolt of lightning at you!
The bolt of electricity hits Niki!
The bolt of electricity hits you.
* * * LOW HITPOINT WARNING * * *
Niki completely misses the electric eel.
Aiming: Mindburst
Press: ? - help, Shift-Dir - straight line, f/p - electric eel
Aim: an electric eel (water, ally target, chance to affect: 72%) Niki avoids your attack.
The electric eel's mind is blasted!
Niki barely misses the electric eel.
Unknown command.
Unknown command.
The electric eel shoots out a bolt of lightning at you!
The bolt of electricity hits you!
You die...

########..#..##
########...........##
###...........####....##
##... ♣~.......# ###....
..#~♣♣~~......# #......
#~♣~~~~♣##.### #.....#
#♣♣~~~~~P##..# ####...
.~~~P~~~P~##.#########..
#P♣P♣~~♣@P~♣#..#.........
♣~~P~P~~~P♣♣.#.#.........
♣~~♣~P~~~P~♣P#.#.>.......
♣~~~≈≈~PP~♣♣#.#..>......
♣~P~≈≈~~PP~♣#.#.........
♣~~~≈R≈≈≈≈P~♣#...........
♣~~≈≈S≈≈≈~P~~♣...........
♣~~~≈≈S≈≈≈~♣~~#.........)
~P~≈~≈≈≈≈≈P~♣~#.........)


You could see the friendly Niki the ancestor and 2 electric eels.

Vanquished Creatures
  A black bear (D:4)
  An ice beast (D:5)
  2 ogres
  A phantom (D:5)
  A bullfrog (D:6)
  2 scorpions
  3 electric eels (D:6)
  2 jellies (D:4)
  3 hounds
  Terence (D:2)
  2 iguanas
  An orc wizard (D:5)
  Robin (D:3)
  3 gnolls (D:4)
  6 adders
  An ufetubus (D:5)
  A worm (D:4)
  2 dart slugs
  11 orcs
  9 ball pythons
  11 bats
  5 endoplasms
  12 goblins
  12 hobgoblins
  3 jackals (D:3)
  5 kobolds
  4 quokkas
  6 frilled lizards
  3 rats
115 creatures vanquished.

Vanquished Creatures (collateral kills)
  An ice beast (D:6)
  An iguana (D:6)
  An orc wizard (D:6)
  An orc (D:6)
4 creatures vanquished.

Vanquished Creatures (others)
  A goblin (D:4)
  3 plants (D:6)
4 creatures vanquished.

Grand Total: 123 creatures vanquished

Notes
Turn   | Place    | Note
-------+----------+-------------------------------------------
     0 | D:1      | porpoise the Demonspawn Fighter began the quest for the
                  | Orb.
     0 | D:1      | Reached XP level 1. HP: 18/18 MP: 1/1
   340 | D:1      | Discovered your monstrous ancestry.
   340 | D:1      | Gained mutation: You have a small tail. [demonic ancestry]
   340 | D:1      | Reached XP level 2. HP: 24/24 MP: 2/2
  1024 | D:2      | Gained mutation: You have sharp fingernails. [demonic
                  | ancestry]
  1024 | D:2      | Reached XP level 3. HP: 29/29 MP: 3/3
  1231 | D:2      | Noticed Terence
  1245 | D:2      | Killed Terence
  1246 | D:2      | Gained mutation: You have a tail ending in a sharp stinger.
                  | [demonic ancestry]
  1246 | D:2      | Reached XP level 4. HP: 22/37 MP: 4/4
  1762 | D:3      | Found an ornate altar of the Wu Jian Council.
  1978 | D:3      | Identified the +1 helmet of Floral Surprise {-Cast Harm
                  | rN+++ Will++}
  1978 | D:3      | Noticed Robin
  1991 | D:3      | Killed Robin
  2285 | D:3      | Found an opulent altar of Gozag.
  2562 | D:4      | Gained mutation: You have very sharp fingernails. [demonic
                  | ancestry]
  2562 | D:4      | Reached XP level 5. HP: 37/42 MP: 5/5
  2664 | D:4      | Noticed an ogre
  2672 | D:4      | Killed an ogre
  2793 | D:4      | Found a staircase to the Ecumenical Temple.
  2799 | Temple   | Entered the Ecumenical Temple
  2804 | Temple   | Became a worshipper of Hepliaklqana the Forgotten
  3077 | D:4      | Gained mutation: You regenerate a little health from kills.
                  | [demonic ancestry]
  3077 | D:4      | Reached XP level 6. HP: 30/49 MP: 6/6
  3160 | D:4      | Reached skill level 5 in Polearms
  3752 | D:5      | Entered Level 5 of the Dungeon
  3764 | D:4      | Reached skill level 5 in Fighting
  3766 | D:4      | Gained mutation: You have large cloven feet. [demonic
                  | ancestry]
  3766 | D:4      | Reached XP level 7. HP: 23/56 MP: 7/7
  4169 | D:5      | Reached skill level 1 in Unarmed Combat
  4816 | D:5      | Reached * piety under Hepliaklqana
  5065 | D:6      | Reached XP level 8. HP: 58/58 MP: 8/8
  5374 | D:6      | Killed from afar by an electric eel

Illustrated notes

Levels and vault maps discovered:
D:1:      spicycebolla_green_bress_n_ham_2, layout_basic
D:2:      minmay_door_path, layout_basic, uniq_terence
D:3:      layout_basic, mainiacjoe_overflow_tiny_flanked,
          mainiacjoe_overflow_surrounded_room, uniq_robin
D:4:      layout_loops_ring, marbit_many_paths, old_standard_altar,
          temple_statues, lemuel_flame_loot_1
D:5:      layout_basic, nrook_loot_triangle, nicolae_eternal_life
D:6:      layout_rooms, serial_bayou, serial_bayou_pond_c,
          serial_bayou_lagoon_a, serial_bayou_lake_a, serial_bayou_pond_e,
          patterned_corridor
Temple:   minmay_freezing_vapour_temple

Skill      XL: |  1  2  3  4  5  6  7  8 |
---------------+-------------------------+-----
Polearms       | 2 3 4 5 6 |  6.0
Fighting       | 4 5 6 |  6.7
Unarmed Combat | 3 4 |  4.5
Armour         | |  2.6
Shields        | |  2.6

Action                   |  1- 3 |  4- 6 |  7- 9 || total
-------------------------+-------+-------+-------++-------
Melee: Trident           |   115 |   185 |    85 ||   385
       Tailslap          |     7 |    25 |     8 ||    40
       Kick              |       |       |    21 ||    21
       Unarmed           |       |       |    25 ||    25
Throw: Throwing net      |       |     1 |       ||     1
       Dart              |       |     3 |     4 ||     7
Invok: Ancestor Identity |       |       |     1 ||     1
Evoke: Wand              |       |       |     6 ||     6
  Use: Scroll            |       |     4 |       ||     4
       Potion            |       |     3 |       ||     3
 Stab: Distracted        |       |       |     1 ||     1
Armor: Scale mail        |    45 |    68 |    22 ||   135
Dodge: Dodged            |    31 |    55 |    32 ||   118
Block: Buckler           |    19 |    28 |    13 ||    60

Table legend: (Time is in decaauts)
 A = Elapsed time spent in this place.
 B = Non-inter-level travel time spent in this place.
 C = Inter-level travel time spent in this place.
 D = Time resting spent in this place.
 E = Time spent auto-exploring this place.
 F = Levels seen in this place.
 G = Mean time per level.
                   A        B        C        D        E       F      G
               +--------+--------+--------+--------+--------+-----+--------+
         Total |   5429 |   5332 |     97 |   1407 |   2949 |   7 |  775.6 |
       Dungeon |   5418 |   5321 |     97 |   1407 |   2949 |   6 |  903.0 |
        Temple |     10 |     10 |      0 |      0 |      0 |   1 |   10.0 |
               +--------+--------+--------+--------+--------+-----+--------+

Top non-repeatable levels by time:
     D:4: 1428 daAuts
     D:5: 1082 daAuts
     D:3: 902 daAuts
     D:1: 892 daAuts
     D:2: 788 daAuts
     D:6: 324 daAuts
  Temple: 10 daAuts
